 Dungeon Crawl Stone Soup version 0.24-a0-335-g06ca16a (webtiles) character file.

Game seed: 16951916209258619865

2899 Borgoz the Slasher (level 9, -4/55 HPs)
             Began as a Gargoyle Gladiator on May 18, 2019.
             Was a Follower of Ashenzari.
             Killed from afar by a steam dragon (15 damage)
             ... with a ball of steam
             ... on level 8 of the Dungeon.
             The game lasted 00:11:40 (6655 turns).

Borgoz the Slasher (Gargoyle Gladiator)             Turns: 6655, Time: 00:11:41

Health: -4/55      AC: 19    Str: 19    XL:     9   Next: 77%
Magic:  0/9        EV: 10    Int:  9    God:    Ashenzari [*.....]
Gold:   361        SH:  0    Dex: 13    Spells: 8/8 levels left

rFire    . . .     SeeInvis +   a - +0 long sword
rCold    . . .     Gourm    .   (no shield)
rNeg     + . .     Faith    .   q - +0 chain mail
rPois    ∞         Spirit   +   c - +0 helmet
rElec    +         Reflect  .   (no cloak)
rCorr    .         Harm     .   D - +1 pair of gloves
MR       .....                  (no boots)
Stlth    ..........             j - amulet of guardian spirit
HPRegen  0.18/turn              B - ring of see invisible
MPRegen  0.11/turn              (no ring)

@: no status effects
A: negative energy resistance 1, electricity resistance, unbreathing,
petrification resistance, rot immunity, AC +6
a: Curse Item, Scrying, Renounce Religion


You were on level 8 of the Dungeon.
You worshipped Ashenzari.
Ashenzari was aware of your devotion.
You were not hungry.

You visited 2 branches of the dungeon, and saw 9 of its levels.
You also visited: Sewer.

You collected 361 gold pieces.

Inventory:

Hand Weapons
 a - a +0 long sword (weapon)
 b - a +1 dagger of venom
 g - the cursed +1 spear of Efuuhuvo {protect, MR+ SInv}
   (You found it on level 5 of the Dungeon)

   It grants its wielder temporary protection when it strikes (+7 to AC).
   It affects your resistance to hostile enchantments.
   It lets you see invisible.
   It has a curse placed upon it.
 L - a +0 scimitar
Missiles
 d - a throwing net (quivered)
Armour
 c - a +0 helmet (worn)
 q - a +0 chain mail (worn)
 D - a +1 pair of gloves (worn)
Jewellery
 j - an amulet of guardian spirit (around neck)
 o - an uncursed ring of wizardry
 B - a ring of see invisible (left hand)
Wands
 y - a wand of polymorph (8)
 E - a wand of disintegration (13)
 I - a wand of flame (24)
 J - a wand of enslavement (5)
Scrolls
 e - 2 scrolls of magic mapping {unknown}
 i - 4 scrolls of enchant weapon
 m - 3 scrolls of identify
 n - 3 scrolls of immolation {unknown}
 u - 2 scrolls of enchant armour {unknown}
 v - 5 scrolls of remove curse
 x - a scroll of fog {unknown}
 A - a scroll of amnesia {unknown}
 C - 3 scrolls of teleportation {unknown}
 F - a scroll of vulnerability {unknown}
Potions
 h - 2 potions of lignification
 k - a potion of brilliance {unknown}
 l - a potion of resistance {unknown}
 p - 2 potions of flight
 s - a potion of might
 t - 2 potions of curing
 w - a potion of degeneration {unknown}
 G - a potion of mutation
 H - a potion of cancellation {unknown}
Comestibles
 f - 16 rations
 K - 2 chunks of flesh


   Skills:
 + Level 6.2 Fighting
 * Level 7.6 Long Blades
 - Level 1.7 Throwing
 + Level 5.6 Armour
 * Level 6.8 Dodging


You had 8 spell levels left.
You didn't know any spells.
Your spell library contained the following spells:

 Spells                   Type           Power        Failure   Level  Hunger
 Flame Tongue             Conj/Fire      #....        99%         1    ##.....
 Shock                    Conj/Air       #...         99%         1    ##.....
 Swiftness                Chrm/Air       #.......     99%         2    ###....
 Throw Flame              Conj/Fire      #.....       99%         2    ###....
 Conjure Flame            Conj/Fire      #.......     100%        3    ####...
 Inner Flame              Hex/Fire       #.......     100%        3    ####...
 Static Discharge         Conj/Air       #.......     100%        3    ####...
 Airstrike                Air            #.........   100%        4    #####..
 Sticky Flame             Conj/Fire      #.......     100%        4    #####..
 Fireball                 Conj/Fire      #.........   100%        5    ######.
 Lightning Bolt           Conj/Air       #.........   100%        5    ######.


Dungeon Overview and Level Annotations

Branches:
Dungeon (8/15)             Temple (1/1) D:4
   Lair: D:8-11

Altars:
Ashenzari
Cheibriados
Dithmenos
Elyvilon
Fedhas
Gozag
Hepliaklqana
Kikubaaqudgha
Makhleb
Nemelex Xobeh
Qazlal
Sif Muna
Trog
Uskayaw
Vehumet
Wu Jian
Xom
Yredelemnul
Zin
The Shining One

Annotations:
D:5 2 transporters


Innate Abilities, Weirdness & Mutations

You are resistant to torment.
Your stone body is resilient. (AC +6)
You are immune to poison.
You resist negative energy. (rN+)
You are resistant to electric shocks. (rElec)
You can survive without breathing.
You are immune to petrification.
You are immune to rotting.


Message History

You are engulfed in a cloud of scalding steam.
* * * LOW HITPOINT WARNING * * *
The steam dragon barely misses you.
You riposte.
Your chain mail prevents you from hitting the steam dragon.
The steam dragon misses you.
Things that are here:
a +0 short sword; a +0 leather armour The steam dragon bites you but does no damage.
The steam dragon closely misses you.
You see here a +0 hand axe.
Throwing (i - inventory)
d - 2 throwing nets (quivered)
Press: ? - help, Shift-Dir - straight line, f - steam dragon
Aim: a steam dragon (steam, catching its breath)
You throw a throwing net. The throwing net hits the steam dragon.
The steam dragon is caught in the net!
The bullfrog swells and bulges.
The steam dragon struggles against the net.
The steam dragon breathes steam at you. The ball of steam hits you!
You die...

≈≈≈≈.....'.......#.##.....#....
.≈......##.......#..##..#...###
........##.......##.##......#
........##.......##..#.##...#
#####...###....'...# #.....#
#...##...#
########.#...###....#...#
#######........#........>.#...##
...............#@F)###..........
...............#)D).†.......(...
..........≈≈..÷)..)###..........
≈.......≈≈≈≈...##### #......≈...
≈........≈≈....# #...)≈≈≈...
≈..............# #.........F
.........##...########......;≈≈.
....................##......≈≈..
.............≈≈≈≈≈..##..........


You could see a steam dragon (caught) and a bullfrog.

Vanquished Creatures
  Prince Ribbit (D:6)
  Sigmund (D:6)
  A wyvern (D:8)
  A steam dragon (D:7)
  Duvessa (D:4)
  2 orc warriors (D:8)
  2 ice beasts
  2 ogres
  A sky beast (D:8)
  A centaur (D:5)
  Blork the orc (D:6)
  3 bullfrogs
  2 wyvern zombies
  Dowan (D:4)
  A wyvern skeleton (D:7)
  2 scorpions
  A howler monkey (D:4)
  An electric eel (D:8)
  A crimson imp (D:5)
  3 orc priests
  A jelly (D:8)
  6 orc wizards
  A bullfrog skeleton (D:5)
  Natasha (twice) (D:2)
  An iguana (D:4)
  2 worker ants (D:5)
  A hound skeleton (D:4)
  4 gnolls (D:2)
  16 adders
  An ooze (D:2)
  An adder zombie (D:7)
  5 worms
  2 dart slugs (D:1)
  7 leopard geckos
  25 orcs
  10 giant cockroaches
  5 goblins
  4 hobgoblins
  3 jackals (D:3)
  11 kobolds
  2 quokkas (D:2)
  2 ball pythons
  6 bats
  13 frilled lizards
  A jackal zombie (D:8)
  A quokka skeleton (D:4)
  8 rats
170 creatures vanquished.

Vanquished Creatures (others)
  2 orcs (D:8)
2 creatures vanquished.

Grand Total: 172 creatures vanquished

Notes
Turn   | Place    | Note
-------+----------+-------------------------------------------
     0 | D:1      | Borgoz the Gargoyle Gladiator began the quest for the Orb.
     0 | D:1      | Reached XP level 1. HP: 12/12 MP: 1/1
    69 | D:1      | Reached XP level 2. HP: 17/17 MP: 2/2
   162 | D:1      | Reached skill level 3 in Long Blades
   675 | D:2      | Found a snail-covered altar of Cheibriados.
   684 | D:2      | Reached XP level 3. HP: 22/22 MP: 3/3
   700 | D:2      | Reached skill level 1 in Armour
  1119 | D:2      | Noticed Natasha
  1130 | D:2      | Killed Natasha
  1130 | D:2      | Reached XP level 4. HP: 19/27 MP: 2/4
  1250 | D:2      | Noticed Natasha
  1269 | D:2      | Killed Natasha
  1555 | D:2      | Reached XP level 5. HP: 32/32 MP: 5/5
  1907 | D:3      | Found a sparkling altar of Nemelex Xobeh.
  1957 | D:3      | Reached skill level 4 in Long Blades
  2100 | D:3      | Reached XP level 6. HP: 32/37 MP: 6/6
  2200 | D:3      | Found a glowing golden altar of the Shining One.
  2594 | D:4      | Noticed Dowan
  2599 | D:4      | Noticed Duvessa
  2621 | D:4      | Killed Duvessa
  2622 | D:4      | Killed Dowan
  2622 | D:4      | Reached XP level 7. HP: 35/42 MP: 5/7
  2674 | D:4      | Found a staircase to the Ecumenical Temple.
  2942 | Temple   | Entered the Ecumenical Temple
  3227 | D:5      | Entered Level 5 of the Dungeon
  3227 | D:5      | Found a shattered altar of Ashenzari.
  3244 | D:5      | Became a worshipper of Ashenzari the Shackled
  3314 | D:5      | Found a glowing drain.
  3342 | Sewer    | Entered a sewer
  3450 | Sewer    | Reached skill level 5 in Long Blades
  3659 | D:5      | Found a transporter.
  3677 | D:5      | Found a transporter.
  3815 | D:5      | Reached XP level 8. HP: 28/48 MP: 3/8
  3824 | D:5      | HP: 2/48 [worker ant (4)]
  3842 | D:5      | HP: 2/48 [scorpion (6)]
  4239 | D:5      | Got the cursed spear of Efuuhuvo {protect, MR+ SInv}
  4315 | D:5      | Reached skill level 5 in Dodging
  4436 | D:6      | Found a basalt altar of Yredelemnul.
  4449 | D:6      | Found an opulent altar of Gozag.
  4474 | D:6      | Noticed Prince Ribbit
  4493 | D:6      | Killed Prince Ribbit
  4782 | D:6      | Noticed Sigmund
  4794 | D:6      | Killed Sigmund
  4794 | D:6      | Reached skill level 5 in Fighting
  4794 | D:6      | Reached skill level 6 in Long Blades
  4966 | D:6      | Noticed Blork the orc
  4987 | D:6      | Killed Blork the orc
  5249 | D:7      | Reached * piety under Ashenzari
  5347 | D:7      | Reached XP level 9. HP: 46/54 MP: 6/9
  5363 | D:7      | Found an ornate altar of the Wu Jian Council.
  5684 | D:7      | Reached skill level 5 in Armour
  6023 | D:8      | Reached skill level 7 in Long Blades
  6655 | D:8      | Killed from afar by a steam dragon

Levels and vault maps discovered:
D:1:      minmay_arrival_shattered_statue, layout_loops_cross, minmay_tromino_v7
D:2:      layout_basic, lemuel_crystal_altar, first_ration, uniq_natasha
D:3:      layout_rooms, lemuel_crystal_altar, tso_metal_star, st_stairs_1
D:4:      layout_gridville, minmay_temple_entry_sparse_star, uniq_duvessa
D:5:      gammafunk_steamed_eel, layout_rooms, ashenzari_conservatory_becter,
          gup_sewer_entry_pipe, minmay_fractal_squares_diagonal_5
D:6:      layout_basic, amethyst_overflow_temple_binary, uniq_blork_the_orc,
          uniq_sigmund, uniq_prince_ribbit1
D:7:      layout_gridville, kennysheep_mini, grunt_ogre_cave
D:8:      layout_basic, lightli_minifort
Temple:   dshaligram_water_room_temple

Skill      XL: |  1  2  3  4  5  6  7  8  9 |
---------------+----------------------------+-----
Long Blades    | 3 4 5 6 7 |  7.6
Armour         | 1 2 3 4 5 |  5.6
Dodging        | 3 4 5 6 |  6.8
Fighting       | 3 4 5 6 |  6.2
Throwing       | |  1.7

Action                   |  1- 3 |  4- 6 |  7- 9 || total
-------------------------+-------+-------+-------++-------
Melee: Long sword        |    84 |   223 |   268 ||   575
       Unarmed           |       |     4 |       ||     4
       Dagger            |       |       |   218 ||   218
Throw: Throwing net      |       |     1 |     4 ||     5
Evoke: Wand              |       |       |     2 ||     2
  Use: Scroll            |       |       |     8 ||     8
       Potion            |       |       |     6 ||     6
  Eat: Chunk             |     1 |     5 |     7 ||    13
       Ration            |       |       |     2 ||     2
Armor: Leather armour    |    24 |       |       ||    24
       Chain mail        |     6 |   230 |   321 ||   557
       Skin              |       |     3 |       ||     3
Dodge: Dodged            |    65 |   148 |   242 ||   455
       Rpst.: Long sword |    20 |    44 |    51 ||   115

Table legend:
 A = Non-vault XP
 B = Vault XP
 C = Vault XP percentage of total XP
 D = Non-vault monster count
 E = Vault monster count
 F = Vault count percentage of total count
                 A         B        C        D         E       F
            +---------+---------+-------+---------+---------+-------
      Total |    2855 |    1287 |  31.1 |     132 |      38 |  22.4
            +---------+---------+-------+---------+---------+-------
        D:1 |      22 |       7 |  24.1 |      12 |       3 |  20.0
        D:2 |     164 |      35 |  17.6 |      29 |       1 |   3.3
        D:3 |      98 |      17 |  14.8 |      24 |       3 |  11.1
        D:4 |     181 |     224 |  55.3 |      12 |       2 |  14.3
        D:5 |     383 |     151 |  28.3 |      11 |       8 |  42.1
        D:6 |      71 |     587 |  89.2 |       8 |       3 |  27.3
        D:7 |     554 |     118 |  17.6 |       7 |       1 |  12.5
        D:8 |    1382 |       0 |   0.0 |      29 |       0 |   0.0
      Sewer |       0 |     148 | 100.0 |       0 |      17 | 100.0
            +---------+---------+-------+---------+---------+-------
